 Dungeon Crawl Stone Soup version 0.29-a0-542-g075992c915 (webtiles) character file.

Game seed: 4302682636654956666

145 oldriver the Skirmisher (level 5, -3/46 HPs)
             Began as a Palentonga Delver on June 5, 2022.
             Slain by Grinder (6 damage)
             ... on level 4 of the Dungeon.
             The game lasted 00:03:42 (3004 turns).

oldriver the Skirmisher (Palentonga Delver)         Turns: 3004, Time: 00:03:43

Health: -3/46      AC:  9    Str: 18    XL:     5   Next: 6%
Magic:  5/5        EV:  9    Int: 10    God:
Gold:   179        SH:  0    Dex: 11    Spells: 4/4 levels left

rFire   . . .      SeeInvis +   a - +0 hand axe
rCold   . . .      Faith    .   (no shield)
rNeg    . . .      Spirit   .   b - +0 leather armour
rPois   .          Reflect  .   o - +1 helmet
rElec   .          Harm     .   e - +2 cloak {rCorr}
rCorr   +          Rampage  .   (no gloves)
Will    .....                   (no barding)
Stlth   ++........              (no amulet)
HPRegen 0.15/turn               (no ring)
MPRegen 0.09/turn               (no ring)

@: studying Summonings
A: large, rugged brown scales 3, see invisible, deformed body, roll 1, armoured
tail
a: Rolling Charge


You were on level 4 of the Dungeon.
You visited 1 branch of the dungeon, and saw 5 of its levels.

You collected 179 gold pieces.

Inventory:

Hand Weapons
 a - a +0 hand axe (weapon)
Armour
 b - a +0 leather armour (worn)
 e - a +2 cloak of preservation (worn)
 o - a +1 helmet (worn)
Jewellery
 s - a ring of magical power
 v - an amulet of faith
Wands
 g - a wand of digging (3)
Scrolls
 c - a scroll of fog
 d - 3 scrolls of magic mapping
 i - a scroll of amnesia
 q - a scroll of blinking {unknown}
 r - a scroll of identify
 u - a scroll of summoning {unknown}
Potions
 f - a potion of haste
 h - a potion of curing {unknown}
 j - a potion of mutation {unknown}
 k - a potion of lignification {unknown}
 l - a potion of resistance {unknown}
 m - 3 potions of heal wounds
 n - a potion of ambrosia
 p - a potion of brilliance {unknown}
 t - a potion of berserk rage {unknown}


   Skills:
 + Level 4.4 Fighting
 * Level 4.1 Axes
 - Level 1.5 Dodging
 - Level 3.3 Stealth


You had 4 spell levels left.
You didn't know any spells.
Your spell library contained the following spells:

 Spells                   Type           Power      Damage    Failure   Level
 Apportation              Tloc           0%         N/A       41%         1
 Necrotize                Necr           0%         1d4       41%         1
 Sting                    Tmut/Pois      0%         1d3       41%         1
 Summon Small Mammal      Summ           0%         N/A       41%         1
 Poisonous Vapours        Pois/Air       0%         N/A       56%         2
 Olgreb's Toxic Radiance  Pois           0%         N/A       99%         4


Dungeon Overview and Level Annotations

Branches:
Dungeon (5/15)
 Temple: D:4-7

Altars:

Annotations:
D:4 Grinder


Innate Abilities, Weirdness & Mutations

You are completely covered in rugged brown scales. (AC +3, +7% HP)
You have supernaturally acute eyesight. (SInv)
Armour fits poorly on your strangely shaped body.
You can roll at nearby foes to attack.
You have a long armoured tail.


Message History

* * * LOW HITPOINT WARNING * * *
Grinder gestures at you.
You shrug off the repeated paralysis!
You can move again.
Roll where?
Press: ? - help, Dir - move target, f/p - Grinder
Aim: Grinder (severely wounded) That's out of range!
Okay, then.
The orc hits you with a +2 trident of protection.
* * * LOW HITPOINT WARNING * * *
There's nothing you can charge at!
Unknown command.
You feel much better. Grinder gestures at you.
You barely resist.
The orc hits you with a +2 trident of protection!
You hit the orc.
The orc is almost dead.
The orc hits you with a +2 trident of protection.
Roll where?
Press: ? - help, Dir - move target, f/p - Grinder
Aim: Grinder (severely wounded)
You roll forward with a clatter of scales!
You closely miss Grinder.
Your tail-slap misses Grinder.
Grinder is severely wounded.
Grinder gestures at you. Pain shoots through your body!
* * * LOW HITPOINT WARNING * * *
The orc throws a stone.
The stone closely misses you.
You hit Grinder but do no damage.
Grinder is severely wounded.
Grinder hits you but does no damage.
The orc throws a stone.
The stone closely misses you.
You hit Grinder but do no damage.
Grinder is severely wounded.
Grinder hits you!
* * * LOW HITPOINT WARNING * * *
You writhe in agony.
You die...

#........# #........#
#........# #........# ...
#........# ....
##........###########...
..............(.........
.......o°.............#
..........°@.##.##....#
.......##.##5#...#....#
.......#...#..........#
................#....#
###...#....#...##.####
####
#$..##...###......##....#
#.. ....###...##........#
..##. .#....#........#
.... .. ........###....#


You could see Grinder and an orc.

Vanquished Creatures
  Jessica (D:2)
  Robin (D:2)
  5 adders
  A worm (D:3)
  A dart slug (D:3)
  2 endoplasms (D:2)
  4 giant cockroaches
  13 goblins
  7 hobgoblins
  A quokka (D:2)
  9 ball pythons
  2 bats (D:1)
  2 frilled lizards
  8 kobolds
  3 rats
60 creatures vanquished.

Vanquished Creatures (others)
  A plant (D:1)
1 creature vanquished.

Grand Total: 61 creatures vanquished

Notes
Turn   | Place    | Note
-------+----------+-------------------------------------------
     0 | D:5      | oldriver the Palentonga Delver began the quest for the Orb.
     0 | D:5      | Reached XP level 1. HP: 19/19 MP: 1/1
    14 | D:5      | Noticed an iguana
   121 | D:2      | Noticed Robin
   375 | D:3      | Reached XP level 2. HP: 25/25 MP: 2/2
   829 | D:1      | Reached XP level 3. HP: 31/31 MP: 3/3
  1368 | D:2      | Killed Robin
  1416 | D:2      | Reached XP level 4. HP: 4/39 MP: 4/4
  1788 | D:2      | Noticed Jessica
  1803 | D:2      | Found a faded altar of an unknown god.
  1803 | D:2      | Killed Jessica
  2554 | D:3      | Reached XP level 5. HP: 37/46 MP: 5/5
  2960 | D:4      | Noticed Grinder
  2982 | D:4      | Paralysed by Grinder for 3 turns
  2994 | D:4      | Paralysed by Grinder for 5 turns
  3004 | D:4      | Slain by Grinder

Illustrated notes

Levels and vault maps discovered:
D:1:      lightli_arrival_statue_moat, layout_rooms, serial_rivers,
          chequers_serial_rivers_micro_d, chequers_serial_rivers_marsh,
          chequers_serial_rivers_large_a, chequers_serial_rivers_small_a,
          chequers_serial_rivers_micro_a, serial_bayou_crossing
D:2:      layout_rooms, ebering_ecumenical_altar_webs,
          chequers_serial_rivers_micro_b, uniq_jessica, uniq_robin
D:3:      layout_basic
D:4:      layout_gridville, minmay_temple_entry_ruins, minmay_misc_feat_alley,
          hangedman_decor_clover_reticule, uniq_grinder
D:5:      layout_rooms, uniq_pikel

Skill      XL: |  1  2  3  4 |
---------------+-------------+-----
Axes           | 3 4 |  4.1
Fighting       | 4 |  4.4
Dodging        | |  1.5
Stealth        | |  3.3

Action                   |  1- 3 |  4- 6 || total
-------------------------+-------+-------++-------
Melee: Hand axe          |   102 |    62 ||   164
       Tailslap          |    15 |     6 ||    21
       Punch             |     1 |       ||     1
 Abil: Rolling Charge    |    13 |    18 ||    31
  Use: Scroll            |     1 |     5 ||     6
       Potion            |       |     1 ||     1
Armor: Leather armour    |    58 |    15 ||    73
Dodge: Dodged            |    53 |    21 ||    74

Table legend: (Time is in decaauts)
 A = Elapsed time spent in this place.
 B = Non-inter-level travel time spent in this place.
 C = Inter-level travel time spent in this place.
 D = Time resting spent in this place.
 E = Time spent auto-exploring this place.
 F = Levels seen in this place.
 G = Mean time per level.
                   A        B        C        D        E       F      G
               +--------+--------+--------+--------+--------+-----+--------+
         Total |   3049 |   2953 |     96 |    953 |   1435 |   5 |  609.8 |
       Dungeon |   3049 |   2953 |     96 |    953 |   1435 |   5 |  609.8 |
               +--------+--------+--------+--------+--------+-----+--------+

Top non-repeatable levels by time:
     D:3: 1112 daAuts
     D:1: 950 daAuts
     D:2: 798 daAuts
     D:4: 168 daAuts
     D:5: 20 daAuts
